 Dungeon Crawl Stone Soup version 0.23-a0-389-g4a5eb33 (webtiles) character file.

222 galech the Covered (level 5, 0/41 HPs)
             Began as a Demonspawn Fighter on Oct 29, 2018.
             Succumbed to an adder's poison
             ... on level 3 of the Dungeon.
             The game lasted 00:02:49 (2085 turns).

galech the Covered (Demonspawn Fighter)             Turns: 2085, Time: 00:02:50

Health: 0/41       AC:  7    Str: 16    XL:     5   Next: 66%
Magic:  5/5        EV:  7    Int:  9    God:
Gold:   161        SH:  9    Dex: 14    Spells: 4/4 levels left

rFire    . . .     SeeInvis .   a - +0 war axe
rCold    . . .     Gourm    .   c - +0 shield
rNeg     . . .     Faith    .   b - +0 scale mail
rPois    .         Spirit   .   (no helmet)
rElec    .         Reflect  .   (no cloak)
rCorr    .         Harm     .   (no gloves)
MR       .....                  (no boots)
Stlth    ..........             (no amulet)
HPRegen  0.13/turn              (no ring)
MPRegen  0.09/turn              (no ring)

@: lethally poisoned (0 -> -6)
A: claws 2
a: no special abilities


You were on level 3 of the Dungeon.
You were not hungry.

You visited 1 branch of the dungeon, and saw 3 of its levels.

You collected 161 gold pieces.

Inventory:

Hand Weapons
 a - a +0 war axe (weapon)
Armour
 b - a +0 scale mail (worn)
 c - a +0 shield (worn)
Scrolls
 e - 3 scrolls of teleportation {unknown}
 g - a scroll of enchant armour {unknown}
 h - 6 scrolls of identify {unknown}
 i - 2 scrolls of blinking {unknown}
 k - a scroll of enchant weapon {unknown}
 n - a scroll of noise {unknown}
 o - a scroll of fear {unknown}
 p - a scroll of magic mapping {unknown}
Potions
 d - a potion of might
 j - a potion of curing {unknown}
 m - a potion of cancellation {unknown}
Comestibles
 f - 5 rations
 l - 17 chunks of flesh


   Skills:
 + Level 3.6 Fighting
 + Level 3.3 Axes
 + Level 3.7 Armour
 + Level 1.0 Dodging
 + Level 0.4 Stealth
 + Level 3.4 Shields


You had 4 spell levels left.
You didn't know any spells.
Your spell library was empty.

Dungeon Overview and Level Annotations

Branches:
Dungeon (3/15)

Altars:
Ru


Innate Abilities, Weirdness & Mutations

You have very sharp fingernails.


Message History

You miss the adder. The adder bites you.
* * * LOW HITPOINT WARNING * * *
You are poisoned.
The adder poisons you! You block the adder's attack.
You closely miss the adder.
* * * LOW HITPOINT WARNING * * *
You feel sick. The adder barely misses you.
Your shield and scale mail prevent you from hitting the adder.
* * * LOW HITPOINT WARNING * * *
You feel sick. The adder bites you.
* * * LOW HITPOINT WARNING * * *
You are more poisoned.
The adder poisons you! You block the adder's attack.
You hit the adder.
The adder is lightly wounded.
* * * LOW HITPOINT WARNING * * *
You feel sick.
The adder bites you but does no damage. x2
You hit the adder.
The adder is moderately wounded.
You die...

.#......#
#.......o.....
.......##
#........#....
######..#
#.#......####.
##.##
#.#.#......# .
#..#
###.#.o.####.#
##.####
####...(#### .#
#....# #...o##(#
.
#.'#######S.##.#
..
#.#...#..@#)##.#
#.#)..#...#(##(#
###.......##().#
###._.####)###
#....)..##.#
#...#...#..#
#...#...#...
+#######'...
.....


You could see an adder and an orc.

Vanquished Creatures
  2 orc priests (D:3)
  2 orc wizards (D:3)
  An adder (D:3)
  2 oozes (D:1)
  5 worms (D:2)
  2 leopard geckos
  7 orcs (D:3)
  5 ball pythons
  4 giant cockroaches
  7 goblins
  6 hobgoblins
  4 jackals (D:1)
  11 kobolds
  7 bats
  6 frilled lizards
  5 rats
76 creatures vanquished.

Vanquished Creatures (others)
  A plant (D:3)
1 creature vanquished.

Grand Total: 77 creatures vanquished

Notes
Turn   | Place    | Note
-------+----------+-------------------------------------------
     0 | D:1      | galech the Demonspawn Fighter began the quest for the Orb.
     0 | D:1      | Reached XP level 1. HP: 18/18 MP: 1/1
   243 | D:1      | Gained mutation: You have sharp fingernails. [demonic
                  | ancestry]
   243 | D:1      | Reached XP level 2. HP: 23/24 MP: 2/2
   501 | D:1      | Reached XP level 3. HP: 29/29 MP: 3/3
  1586 | D:2      | Reached XP level 4. HP: 33/35 MP: 4/4
  1884 | D:3      | Found a sacrificial altar of Ru.
  1898 | D:3      | Gained mutation: You have very sharp fingernails. [demonic
                  | ancestry]
  1898 | D:3      | Reached XP level 5. HP: 38/41 MP: 5/5
  2034 | D:3      | Reached skill level 1 in Dodging
  2083 | D:3      | HP: 1/41 [adder (3)]
  2085 | D:3      | Succumbed to an adder's poison

Vault maps used:
D:1:      dpeg_arrival_three_same_balls, hangedman_decor_push
D:2:      nrook_loot_triangle
D:3:      nicolae_ru_great_annihilating_truth, roderic_serpentine_path,
          saegor_snake_ambush

Skill      XL: |  1  2  3  4  5 |
---------------+----------------+-----
Shields        | 3 |  3.4
Axes           | 2 3 |  3.3
Armour         | 3 |  3.7
Dodging        | 1 |  1.0
Fighting       | |  3.6
Stealth        | |  0.4

Action                   |  1- 3 |  4- 6 || total
-------------------------+-------+-------++-------
Melee: War axe           |   123 |   101 ||   224
 Stab: Paralysed         |       |     2 ||     2
       Invisible         |       |     1 ||     1
  Eat: Chunk             |     2 |     2 ||     4
Armor: Scale mail        |    47 |    36 ||    83
Dodge: Dodged            |    46 |    36 ||    82
Block: Shield            |    58 |    62 ||   120

Table legend:
 A = Non-vault XP
 B = Vault XP
 C = Vault XP percentage of total XP
 D = Non-vault monster count
 E = Vault monster count
 F = Vault count percentage of total count
                 A         B        C        D         E       F
            +---------+---------+-------+---------+---------+-------
      Total |     269 |      49 |  15.4 |      70 |       6 |   7.9
            +---------+---------+-------+---------+---------+-------
        D:1 |      56 |       0 |   0.0 |      27 |       0 |   0.0
        D:2 |      43 |       0 |   0.0 |      17 |       0 |   0.0
        D:3 |     170 |      49 |  22.4 |      26 |       6 |  18.8
            +---------+---------+-------+---------+---------+-------
